 Dungeon Crawl Stone Soup version 0.15-a0-1866-g491fd59 (webtiles) character file.

48 PolkaDot the Caller (level 3, -1/24 HPs)
             Began as a Vampire Summoner on July 4, 2014.
             Slain by a gnoll
             ... wielding a +1 halberd of chopping
              (7 damage)
             ... on Level 3 of the Dungeon.
             The game lasted 00:09:29 (2969 turns).

PolkaDot the Caller (Vampire Summoner)              Turns: 2969, Time: 00:09:29

HP  -1/24        AC  7     Str  7      XL: 3   Next: 50%
MP  15/15        EV  6     Int 18      God:
Gold 113         SH  0     Dex 14      Spells:  3 memorised,  0 levels left

rFire  . . .     SeeInvis +     f - -3 club (curse)
rCold  . . .     Clarity  .     a - +0 robe
rNeg   . . .     rCorr    .     (no shield)
rPois  .         rRot     .     l - +1 helmet
rElec  .         Spirit   .     (no cloak)
SustAb .         Warding  .     u - +2 pair of gloves
rMut   .         Stasis   .     (no boots)
Gourm  .                        (no amulet)
MR     .....                    (no ring)
                                k - ring of magical power

@: held, regenerating quickly, not resistant to hostile enchantments, unstealthy
A: fangs 3, see invisible, unbreathing
a: no special abilities


You were on level 3 of the Dungeon.
You were very full.

You visited 1 branch of the dungeon, and saw 3 of its levels.

You collected 113 gold pieces.

Inventory:

Hand weapons
 f - a cursed -3 club (weapon)
Armour
 a - a +0 robe (worn)
 l - a +1 helmet (worn)
 u - a +2 pair of gloves (worn)
Scrolls
 c - a scroll of amnesia
 e - a scroll of remove curse {unknown}
 g - a scroll of recharging {unknown}
 h - 2 scrolls of identify {unknown}
 i - a scroll of teleportation {unknown}
 j - 2 scrolls of enchant weapon {unknown}
 m - a scroll of enchant armour
 o - 2 scrolls of immolation
 s - a scroll of fear {unknown}
Jewellery
 k - a ring of magical power (left hand)
Potions
 d - a potion of magic {unknown}
 n - 2 potions of curing {unknown}
 p - a potion of resistance {unknown}
 q - a potion of might {unknown}
 r - a potion of flight {unknown}
 t - a potion of heal wounds {unknown}
Books
 b - a book of Callings

   Spells                             Type                      Level
   *Summon Small Mammal               Summoning                    1
   *Call Imp                          Summoning                    2
   *Call Canine Familiar              Summoning                    3
   Summon Guardian Golem              Hexes/Summoning              4
   Summon Lightning Spire             Summoning/Air                4
   Summon Ice Beast                   Ice/Summoning                4


   Skills:
 - Level 2.1 Dodging
 - Level 3.0 Stealth
 - Level 2.4 Spellcasting
 * Level 5.0 Summonings


You couldn't memorise any spells.
You knew the following spells:

 Your Spells              Type           Power        Failure   Level  Hunger
a - Summon Small Mammal   Summ           ###.         1%          1    #......
d - Call Canine Familiar  Summ           ###.....     10%         3    ###....
s - Call Imp              Summ           ###.....     3%          2    ##.....


Dungeon Overview and Level Annotations

Branches:
Dungeon (3/15)

Altars:


Innate Abilities, Weirdness & Mutations

Your natural rate of healing is unusually fast.
You have razor-sharp teeth.*
You have supernaturally acute eyesight.
You can survive without breathing.*


Message History

There is a stone staircase leading up here.
You closely miss the bat. You bite the bat.
You draw the bat's blood!
You feel slightly more full.
The bat is moderately wounded.
The bat hits you but does no damage. The bat closely misses you.
The bat closely misses you.
You closely miss the bat. The bat hits you but does no damage.
The gnoll hits you but does no damage. The bat hits you but does no damage.
The bat barely misses you. The bat hits you but does no damage.
You barely miss the bat. You bite the bat.
You kill the bat!
The gnoll throws a throwing net.
The throwing net hits you.
You become entangled in the net!
The gnoll hits you from afar with a runed halberd!
You struggle to escape the net.
The gnoll barely misses you.
You try to slip out of the net.
The gnoll hits you with a flail!
* * * LOW HITPOINT WARNING * * *
You struggle against the net.
The gnoll hits you from afar with a runed halberd!
You die...

#..#.. ... #..#.# .
##..##..#.#.#
.........#.#.# . .
!.......#.#.#...
..##...#........
..............
#..#...#..#.#
#.[......gg@#
..........g..........
#(.#.......##.#.... #
#...##..# .# #. #...
#..# # #... #..# .[..
.... ##.%##..## .
....


You could see 3 gnolls.

Vanquished Creatures
  An adder skeleton (D:2)
  A giant gecko (D:1)
  4 bats
  A giant cockroach (D:1)
  4 goblins
  3 giant newts
  A goblin skeleton (D:2)
  A jackal zombie (D:2)
  A kobold (D:1)
  A quokka skeleton (D:2)
  2 rats
  2 rat skeletons (D:2)
  A rat zombie (D:2)
23 creatures vanquished.

Vanquished Creatures (collateral kills)
  A giant mite (D:1)
  A giant gecko (D:2)
  6 bats
  A giant cockroach (D:2)
  6 goblins
  3 hobgoblins
  A giant gecko skeleton (D:2)
  A giant newt (D:2)
  2 giant newt zombies (D:2)
  A goblin skeleton (D:2)
  5 kobolds
  A kobold skeleton (D:2)
  A quokka zombie (D:2)
  A rat skeleton (D:2)
31 creatures vanquished.

Vanquished Creatures (others)
  2 bats
  7 rats
9 creatures vanquished.

Grand Total: 63 creatures vanquished

Notes
Turn   | Place    | Note
--------------------------------------------------------------
     0 | D:1      | PolkaDot, the Vampire Summoner, began the quest for the Orb.
     0 | D:1      | Reached XP level 1. HP: 13/13 MP: 3/3
   564 | D:1      | Reached XP level 2. HP: 14/19 MP: 1/5
   607 | D:1      | Learned a level 2 spell: Call Imp
  2082 | D:2      | Reached XP level 3. HP: 24/24 MP: 6/6
  2513 | D:2      | Learned a level 3 spell: Call Canine Familiar
  2543 | D:2      | Reached skill level 5 in Summonings
  2969 | D:3      | Slain by a gnoll

Action                   || total
-------------------------++-------
Melee: Club              ||   167
       Unarmed           ||    13
 Cast: Summon Small Mamm ||    75
       Call Imp          ||    17
  Use: Potion            ||     1
       Scroll            ||     3
 Stab: Sleeping          ||     3
